 Dungeon Sprint DCSS version 0.29.1-1-gd02db6906a (webtiles) character file.

Game seed: 15950675087664483954

1218 Low2 the Cruncher (level 8, -1/92 HPs)
             Began as an Ogre Gladiator on Oct 16, 2022.
             Was a Follower of Wu Jian.
             Slain by a demonic crawler (3 damage)
             ... in the Dungeon (Sprint I: "Red Sonja").
             The game lasted 00:04:52 (632 turns).

Low2 the Cruncher (Ogre Gladiator)                   Turns: 632, Time: 00:04:53

Health: -1/92      AC:  3    Str: 21    XL:     8   Next: 46%
Magic:  8/8        EV: 12    Int:  9    God:    Wu Jian [*.....]
Gold:   292        SH:  0    Dex: 10    Spells: 7/7 levels left

rFire   . . .      SeeInvis .   a - +1 quarterstaff
rCold   . . .      Faith    .   (shield currently unavailable)
rNeg    . . .      Spirit   .   b - +0 robe
rPois   .          Reflect  .   c - +0 hat
rElec   .          Harm     .   (no cloak)
rCorr   .          Rampage  .   (gloves unavailable)
Will    .....      NoTele   +   (boots unavailable)
Stlth   ++........              (no amulet)
HPRegen 0.25/turn               (no ring)
MPRegen 0.11/turn               (no ring)

@: flying, hasted, very quick
A: large, unfitting armour, tough skin 1
a: Renounce Religion


You were in the Dungeon.
You worshipped Wu Jian.
Wu Jian was aware of your devotion.
You visited 1 branch You collected 418 gold pieces.
You spent 126 gold pieces at shops.

Inventory:

Hand Weapons
 a - a +1 quarterstaff (weapon)
Missiles
 f - a large rock
Armour
 b - a +0 robe (worn)
 c - a +0 hat (worn)
Potions
 i - 2 potions of magic
 j - a potion of berserk rage


   Skills:
 + Level 9.1 Fighting
 + Level 11.8 Staves
 + Level 7.7 Throwing
 + Level 9.1 Dodging
 + Level 2.5 Stealth
 + Level 1.6 Evocations


You had 7 spell levels left.
You didn't know any spells.
Your spell library was empty.

Dungeon Overview and Level Annotations

Branches:
Dungeon (1/1)

Altars:
Cheibriados
Dithmenos
Elyvilon
Fedhas
Gozag
Hepliaklqana
Kikubaaqudgha
Makhleb
Nemelex Xobeh
Okawaru
Qazlal
Ru
Sif Muna
Trog
Uskayaw
Vehumet
Wu Jian
Xom
Yredelemnul
Zin
The Shining One
Jiyva
Lugonu

Shops:
D *


Innate Abilities, Weirdness & Mutations

You are too large for most types of armour.
You have tough skin. (AC +1)


Message History

Press: ? - help, Dir - move target, p - demonic crawler
As you read the scroll of blinking, it crumbles to dust.
The demonic crawler shrieks in warning!
It was a potion of flight.
You feel very buoyant.
You fly up into the air.
There is an open door here.
You feel better.
The demonic crawler hits you but does no damage.
The demonic crawler hits you. The demonic crawler hits you!
The demonic crawler shrieks in warning!
You hear a shout!
You sock the demonic crawler!
The demonic crawler is moderately wounded.
The demonic crawler hits you but does no damage.
The demonic crawler barely misses you. The demonic crawler hits you.
You hit the demonic crawler but do no damage.
The demonic crawler is moderately wounded.
The demonic crawler shrieks in warning!
The demonic crawler hits you! The demonic crawler hits you. x2
* * * LOW HITPOINT WARNING * * *
Aiming: Throw Flame
Press: ? - help, Q - select action, (/) - cycle Shift-Dir - straight line, f - demonic crawler
Aim: a demonic crawler (86% to hit)
The puff of flame hits the demonic crawler.
The demonic crawler completely resists.
The now-empty wand crumbles to dust.
The demonic crawler shrieks in warning!
The demonic crawler completely misses you.
The demonic crawler hits you.
* * * LOW HITPOINT WARNING * * *
The demonic crawler hits you!
* * * LOW HITPOINT WARNING * * *
The demonic crawler hits you.
* * * LOW HITPOINT WARNING * * *
The demonic crawler closely misses you. x2
A gargoyle comes into view. It is wielding a +0 flail.
There are monsters nearby!
You feel yourself speed up. The demonic crawler hits you.
You die...

########################
.#.))..#..'..#__#ss).9.#
.'..#..').#..'..@ss#...##+#
.#####'#####'#__####...s..#
.####..#...#.#### #####..+
.#__####..##.# ##
.#_____##'#_.+
⌠#_.∩...÷..._#
##_..__##_.#'#
#_____###+#)# ####### ###


You could see 4 demonic crawlers and a gargoyle.

Vanquished Creatures
  2 kobold demonologists (D)
  A slime creature (D)
  A yak (D)
  Sigmund (D)
  A floating eye (D)
  An ogre (D)
  A jelly (D)
  Ijyb (D)
9 creatures vanquished.

Notes
Turn   | Place    | Note
-------+----------+-------------------------------------------
     0 | D        | Low2 the Ogre Gladiator began the quest for the Orb.
     0 | D        | Reached XP level 1. HP: 22/22 MP: 1/1
     2 | D        | Noticed Ijyb
    16 | D        | Killed Ijyb
    17 | D        | Reached skill level 4 in Staves
    17 | D        | Reached XP level 2. HP: 29/31 MP: 2/2
    17 | D        | Reached XP level 3. HP: 35/37 MP: 3/3
    29 | D        | Noticed an ogre
    33 | D        | Killed an ogre
    34 | D        | Reached skill level 6 in Staves
    34 | D        | Reached skill level 5 in Dodging
    34 | D        | Reached XP level 4. HP: 49/49 MP: 4/4
    49 | D        | Noticed Sigmund
    56 | D        | Killed Sigmund
    57 | D        | Reached skill level 8 in Staves
    57 | D        | Reached skill level 5 in Throwing
    57 | D        | Reached skill level 1 in Stealth
    57 | D        | Reached XP level 5. HP: 59/59 MP: 5/5
    57 | D        | Reached XP level 6. HP: 67/67 MP: 6/6
    72 | D        | Found an ornate altar of the Wu Jian Council.
    72 | D        | Found a shimmering blue altar of Sif Muna.
    74 | D        | Found a radiant altar of Vehumet.
    92 | D        | Became a worshipper of the Wu Jian Council
   121 | D        | Found Hoket's General Store.
   121 | D        | Found an ancient bone altar of Kikubaaqudgha.
   121 | D        | Found a hazy altar of Hepliaklqana.
   121 | D        | Found a stormy altar of Qazlal.
   121 | D        | Found a hide-covered altar of Uskayaw.
   121 | D        | Found a blossoming altar of Fedhas.
   121 | D        | Found a bloodstained altar of Trog.
   121 | D        | Found an iron altar of Okawaru.
   121 | D        | Found a basalt altar of Yredelemnul.
   121 | D        | Found a glowing golden altar of the Shining One.
   121 | D        | Found a snail-covered altar of Cheibriados.
   121 | D        | Found a sacrificial altar of Ru.
   121 | D        | Found a glowing silver altar of Zin.
   121 | D        | Found a shadowy altar of Dithmenos.
   121 | D        | Found a white marble altar of Elyvilon.
   121 | D        | Noticed a yak
   127 | D        | Killed a yak
   128 | D        | Reached skill level 9 in Staves
   128 | D        | Reached XP level 7. HP: 18/78 MP: 7/7
   128 | D        | Found an opulent altar of Gozag.
   386 | D        | Found a sparkling altar of Nemelex Xobeh.
   394 | D        | Bought a scroll of enchant weapon for 90 gold pieces
   394 | D        | Bought a potion of curing for 36 gold pieces
   408 | D        | Found a burning altar of Makhleb.
   408 | D        | Found a viscous altar of Jiyva.
   408 | D        | Found a shimmering altar of Xom.
   408 | D        | Found a corrupted altar of Lugonu.
   408 | D        | Noticed a slime creature
   420 | D        | Killed a slime creature
   421 | D        | Reached skill level 10 in Staves
   547 | D        | Noticed a kobold demonologist
   548 | D        | Noticed a kobold demonologist
   550 | D        | Reached * piety under Wu Jian
   554 | D        | Noticed an orange demon
   555 | D        | Killed a kobold demonologist
   556 | D        | Reached skill level 11 in Staves
   556 | D        | Reached skill level 1 in Evocations
   556 | D        | Reached XP level 8. HP: 82/89 MP: 8/8
   560 | D        | Killed a kobold demonologist
   618 | D        | Noticed a demonic crawler
   618 | D        | Noticed a demonic crawler
   618 | D        | Noticed a demonic crawler
   618 | D        | Noticed a demonic crawler
   631 | D        | HP: 1/92 [demonic crawler (4)]
   631 | D        | Noticed a gargoyle
   632 | D        | Slain by a demonic crawler

Illustrated notes

Levels and vault maps discovered:
D:        dungeon_sprint_1 [red_sonja_temple_1, red_sonja_temple_small_1]

Skill      XL: |  1  2  3  4  5  6  7  8 |
---------------+-------------------------+-----
Fighting       | 3 4 6 7 8 9 |  9.1
Staves         | 4 6 8 9 11 | 11.8
Dodging        | 4 5 6 7 8 9 |  9.1
Throwing       | 3 5 6 7 |  7.7
Stealth        | 1 2 |  2.5
Evocations     | 1 |  1.6

Action                   |  1- 3 |  4- 6 |  7- 9 || total
-------------------------+-------+-------+-------++-------
Melee: Quarterstaff      |     8 |     9 |    23 ||    40
Throw: Throwing net      |     4 |     1 |       ||     5
       Large rock        |     1 |     3 |       ||     4
Evoke: Wand              |       |       |    10 ||    10
  Use: Potion            |     2 |       |     3 ||     5
       Scroll            |       |       |     2 ||     2
 Stab: Held in net/web   |     1 |     1 |       ||     2
Armor: Robe              |       |       |     5 ||     5
Dodge: Dodged            |     1 |     1 |    15 ||    17
